 Dungeon Crawl Stone Soup version 0.18.1-8-gdd0e5ea (webtiles) character file.

77 M4edhros the Grave Robber (level 4, 0/27 HPs)
             Began as an Octopode Necromancer on June 7, 2016.
             Succumbed to a worker ant's poison
             ... on level 4 of the Dungeon.
             The game lasted 00:03:43 (615 turns).

M4edhros the Grave Robber (Octopode Necromancer)     Turns: 615, Time: 00:03:43

Health: 0/27       AC:  1    Str:  7    XL:     4   Next: 34%
Magic:  1/7        EV: 12    Int: 17    God:
Gold:   83         SH:  2    Dex: 13    Spells: 3 memorised, 2 levels left

rFire  . . .     SeeInvis .       - Unarmed
rCold  . . .     Gourm    .     (no shield)
rNeg   . . .     Faith    .     (helmet restricted)
rPois  .         Spirit   .     m - +2 amulet of reflection
rElec  .         Dismiss  .     (no ring)
rCorr  .         Reflect  +     (no ring)
SustAt .         Harm     .     (no ring)
MR     .....                    (no ring)
Stlth  +++.......               (no ring)
                                (no ring)
                                (no ring)
                                (no ring)

@: lethally poisoned (0 -> -4), very slightly contaminated, not resistant to
hostile enchantments, fairly stealthy
A: almost no armour, amphibious, 8 rings, constrict 8, camouflage 1, gelatinous
body 1
a: no special abilities


You were on level 4 of the Dungeon.
You were hungry.

You visited 1 branch of the dungeon, and saw 4 of its levels.

You collected 83 gold pieces.

Inventory:

Hand Weapons
 k - a +0 hunting sling
Missiles
 l - 20 sling bullets
Jewellery
 m - a +2 amulet of reflection (around mantle)
Wands
 o - a wand of lightning (5/15)
Scrolls
 c - a scroll of teleportation
 d - a scroll of recharging {unknown}
 e - a scroll of random uselessness {unknown}
 g - a scroll of magic mapping {unknown}
 h - 2 scrolls of remove curse {unknown}
 n - a scroll of enchant weapon {unknown}
Potions
 j - a potion of cure mutation
Books
 a - a book of Necromancy

   Spells                             Type                      Level
   a - Pain                           Necromancy                   1
   b - Animate Skeleton               Necromancy                   1
   c - Vampiric Draining              Necromancy                   3
   d - Regeneration                   Charms/Necromancy            3
   e - Animate Dead                   Necromancy                   4
   f - Control Undead                 Necromancy                   4
Comestibles
 b - 2 bread rations
 f - 3 chunks of flesh
 p - a slice of pizza


   Skills:
 - Level 2.0 Dodging
 - Level 2.6 Stealth
 + Level 3.8 Unarmed Combat
 - Level 2.0 Spellcasting
 - Level 4.0 Necromancy


You had 2 spell levels left.
You knew the following spells:

 Your Spells              Type           Power        Failure   Level  Hunger
a - Pain                  Necr           ###.         3%          1    #......
b - Animate Skeleton      Necr           N/A          3%          1    #......
r - Regeneration          Chrm/Necr      #.........   24%         3    ###....


Dungeon Overview and Level Annotations

Branches:
Dungeon (4/15)
 Temple: D:4-7

Altars:
The Shining One
Beogh


Innate Abilities, Weirdness & Mutations

You cannot wear most types of armour.
You are amphibious.
You can wear up to eight rings at the same time.
You can use your tentacles to constrict eight enemies at once.
Your skin changes colour to match your surroundings (Stealth).
Your rubbery body absorbs attacks (AC +1).


Message History

The worker ant bites you. x2
* * * LOW HITPOINT WARNING * * *
Drink which item? (? for menu, Esc to quit)
You feel better.
You constrict the worker ant, but do no damage.
The worker ant bites you.
You are poisoned.
The worker ant poisons you!
You tentacle-slap the worker ant but do no damage.
The worker ant is severely wounded.
You constrict the worker ant.
You feel sick. The worker ant closely misses you.
You tentacle-slap the worker ant.
The worker ant is almost dead.
You constrict the worker ant. The worker ant bites you!
* * * LOW HITPOINT WARNING * * *
Unknown command.
You tentacle-slap the worker ant.
You kill the worker ant!
You have reached level 4!
You die...

#. #.# # #.
#.# #. #. #.#
##.###.#####
##+##.#### .#
........(..#
#........##.#
...........#
#........##.#
...........#
#........##.#
...........#
#........##.#
..........@#
#........##.#
...........#
#........##.#
##.###+#####
#........'..#
..
#....>...##.#
#
##.########.#
#. ###.# #.
#<..# ..
##### #.


There were no monsters in sight!

Vanquished Creatures
  A worker ant (D:4)
  An adder (D:2)
  A worm (D:2)
  A dart slug (D:1)
  2 giant geckos (D:1)
  5 orcs (D:3)
  A giant cockroach (D:1)
  2 goblins
  3 hobgoblins
  A bat (D:2)
  A giant newt (D:1)
  3 kobolds
  6 rats
28 creatures vanquished.

Vanquished Creatures (collateral kills)
  An adder (D:3)
  A kobold (D:3)
2 creatures vanquished.

Grand Total: 30 creatures vanquished

Notes
Turn   | Place    | Note
--------------------------------------------------------------
     0 | D:1      | M4edhros the Octopode Necromancer began the quest for the Orb.
     0 | D:1      | Reached XP level 1. HP: 11/11 MP: 3/3
    48 | D:1      | Reached skill level 1 in Unarmed Combat
    57 | D:1      | Learned a level 1 spell: Animate Skeleton
   126 | D:1      | Reached XP level 2. HP: 4/17 MP: 5/5
   286 | D:2      | Reached XP level 3. HP: 2/21 MP: 2/6
   291 | D:2      | Learned a level 3 spell: Regeneration
   418 | D:3      | Found a glowing golden altar of the Shining One.
   559 | D:3      | Found a roughly hewn altar of Beogh.
   614 | D:4      | HP: 1/21 [worker ant (7)]
   615 | D:4      | Reached XP level 4. HP: 1/27 MP: 0/7
   615 | D:4      | Succumbed to a worker ant's poison

Skill      XL: |  1  2  3 |
---------------+----------+-----
Unarmed Combat | 1 2 3 |  3.8
Dodging        | |  2.0
Stealth        | |  2.6
Spellcasting   | |  2.0
Necromancy     | |  4.0

Action                   |  1- 3 |  4- 6 || total
-------------------------+-------+-------++-------
Melee: Unarmed           |    60 |       ||    60
       Constrict         |    15 |       ||    15
       Tentacles         |     8 |       ||     8
 Cast: Pain              |    21 |       ||    21
       Animate Skeleton  |     7 |       ||     7
       Regeneration      |     5 |       ||     5
  Use: Scroll            |     3 |       ||     3
       Potion            |     3 |       ||     3
 Stab: Sleeping          |     2 |       ||     2
Dodge: Dodged            |    35 |       ||    35
Block: Other             |     1 |       ||     1
